[Event "Team 45 45 League T43"]
[Site "Internet Chess Club"]
[Date "2009.11.06"]
[Round "2"]
[White "giltar"]
[Black "Holzschlange"]
[Result "1-0"]
[WhiteElo "1841"]
[BlackElo "1901"]
[Opening "Queen's pawn: Yusupov-Rubinstein system"]
[ECO "A46"]
[Time "14:03:19"]
[TimeControl "2700+45"]

1. d4 Nf6 2. Nf3 e6 3. e3 b6 4. Bd3 Bb7 5. O-O c5 6. c4 Be7 7. Nc3 O-O 8. d5
exd5 9. cxd5 d6 10. e4 Re8 11. Re1 Na6 12. a3 Nc7 13. Rb1 a6 14. a4 Bf8 15. b4
Rb8 16. Bf4 Nh5 17. Be3 g6 18. bxc5 bxc5 19. Qd2 Bg7 20. Rb3 Ba8 21. Rxb8 Qxb8
22. Rb1 Qc8 23. Bh6 Bh8 24. Nd1 Nf6 25. Qc2 a5 26. Bd2 Qg4 27. Ne3 Qh5 28. Bxa5
Ncxd5 29. exd5 Nxd5 30. Nxd5 Bxd5 31. Re1 Ra8 32. Be4 Bxe4 33. Rxe4 Qf5 34. Be1
d5 35. Re2 d4 36. Qxf5 gxf5 37. Rc2 Rc8 38. Rc4 Kf8 39. Bb4 Ke7 40. Rxc5 {Black
resigns} 1-0

[Event "Team 45 45 League T43"]
[Site "Internet Chess Club"]
[Date "2009.11.06"]
[Round "2"]
[White "monsterpawn"]
[Black "chess9397"]
[Result "1-0"]
[WhiteElo "1851"]
[BlackElo "1829"]
[Opening "Nimzo-Indian: classical, Milner-Barry (Zurich) variation"]
[ECO "E33"]
[Time "20:01:09"]
[TimeControl "2700+45"]

1. d4 Nf6 2. c4 e6 3. Nc3 Bb4 4. Qc2 Nc6 5. Nf3 d6 6. Bg5 h6 7. Bxf6 Qxf6 8. e3
e5 9. d5 Bxc3+ 10. Qxc3 Ne7 11. Be2 Qg6 12. Rg1 f5 13. O-O-O b6 14. Nd2 Bb7 15.
g4 Qf7 16. gxf5 Nxf5 17. Bg4 g6 18. f4 Qe7 19. Nf3 Rf8 20. fxe5 h5 21. Bxf5 Rxf5
22. e4 Rf4 23. exd6 Qxd6 24. e5 Qc5 25. Nd2 O-O-O 26. b4 Qf2 27. Rxg6 b5 28. e6
Qxh2 29. e7 Re8 30. d6 cxd6 31. cxb5+ Kd7 32. Rxd6+ Kxd6 33. Nf3+ Kxe7 34. Qc7+
Kf6 35. Rd6+ Kf5 36. Qc5+ Ke4 37. Nd2+ Qxd2+ 38. Kxd2 Kf3 39. Qxh5+ Kf2 40. Qxe8
{Black resigns} 1-0

[Event "Team 45 45 League T43"]
[Site "Internet Chess Club"]
[Date "2009.11.08"]
[Round "2"]
[White "Stryker672"]
[Black "Knight77"]
[Result "1-0"]
[WhiteElo "1906"]
[BlackElo "1960"]
[Opening "Sicilian: Alapin's variation (2.c3)"]
[ECO "B22"]
[Time "22:34:37"]
[TimeControl "2700+45"]

1. e4 c5 2. c3 g6 3. d4 cxd4 4. cxd4 Bg7 5. Nc3 e6 6. Nf3 Ne7 7. Bf4 a6 8. Qd2
d5 9. e5 Nbc6 10. Bd3 Bd7 11. Rc1 Qa5 12. O-O O-O 13. h4 b5 14. h5 b4 15. Ne2
Nf5 16. Bxf5 exf5 17. Bh6 f6 18. exf6 Rxf6 19. Bxg7 Kxg7 20. b3 Re8 21. Rc5 Qd8
22. h6+ Kg8 23. Rxd5 Qe7 24. Ne5 Nxe5 25. dxe5 Rf7 26. Rd1 Bc6 27. Rd6 Qxe5 28.
Rxc6 Qxe2 29. Qxe2 Rxe2 30. Rxa6 Rfe7 31. Rd8+ Re8 32. Rxe8+ Rxe8 33. Ra7 Re1+
34. Kh2 Re4 35. Kg3 Rg4+ 36. Kf3 Rh4 37. Rb7 Re4 38. g3 Rg4 39. Rc7 g5 40. Rc4
Kf7 41. Rxg4 fxg4+ 42. Kxg4 Kg6 43. f4 gxf4 44. gxf4 Kxh6 45. Kf5 Kg7 46. Kg5
h6+ 47. Kh5 Kh7 48. Kh4 Kg6 49. Kg4 Kf6 50. Kh5 Kf5 51. Kxh6 Kf6 52. Kh7 Kf7 53.
Kh8 Kf8 54. f5 Kf7 55. Kh7 Kf6 56. Kg8 Ke5 57. Kg7 Kxf5 58. Kf7 Ke5 59. Ke7 Kd4
60. Kd6 Kc3 61. Kc5 Kb2 62. Kxb4 Kxa2 63. Ka4 {Black resigns} 1-0

[Event "Team 45 45 League T43"]
[Site "Internet Chess Club"]
[Date "2009.11.08"]
[Round "2"]
[White "CHESSISTA1"]
[Black "spunni"]
[Result "1-0"]
[WhiteElo "1822"]
[BlackElo "1934"]
[Opening "English: four knights, kingside fianchetto"]
[ECO "A29"]
[Time "11:12:56"]
[TimeControl "2700+45"]

1. c4 e5 2. Nc3 Nc6 3. Nf3 Nf6 4. g3 Bb4 5. Bg2 O-O 6. a3 Bxc3 7. dxc3 d6 8. O-O
Be6 9. b3 h6 10. Qc2 Qd7 11. Re1 Bh3 12. Bh1 Qe6 13. e4 Nd7 14. Nh4 Ne7 15. Be3
a5 16. a4 Rad8 17. Rad1 b6 18. Rd2 g5 19. Ng2 Qg4 20. b4 Nf6 21. f3 Qxf3 22. Rf1
Qxe4 23. Rxf6 Bxg2 24. Qxe4 Bxe4 25. Bxe4 Kg7 26. Rdf2 Rb8 27. h4 Ng8 28. hxg5
Nxf6 29. gxf6+ Kg8 30. Bxh6 axb4 31. cxb4 Ra8 32. Rf5 Rfe8 33. Rg5+ Kh8 34. Bg7+
Kg8 35. Rh5 {Black resigns} 1-0

[Event "Team 45 45 League T43"]
[Site "Internet Chess Club"]
[Date "2009.11.14"]
[Round "2"]
[White "screamingeagle"]
[Black "makito"]
[Result "1-0"]
[WhiteElo "2012"]
[BlackElo "1867"]
[Opening "Petrov: classical attack, Marshall variation"]
[ECO "C42"]
[Time "11:31:36"]
[TimeControl "2700+45"]

1. e4 e5 2. Nf3 Nf6 3. Nxe5 d6 4. Nf3 Nxe4 5. d4 d5 6. Bd3 Bd6 7. O-O O-O 8. c4
c6 9. Nc3 Nxc3 10. bxc3 Bg4 11. cxd5 cxd5 12. Rb1 Qc7 13. Bxh7+ Kh8 14. Qd3 Bxf3
15. gxf3 g6 16. f4 Kxh7 17. Qh3+ Kg7 18. f5 Rh8 19. f6+ Kg8 20. Qg4 Nd7 21. Qf3
Re8 22. Qxd5 Nxf6 23. Qf3 Bxh2+ 24. Kg2 Qc6 25. Rxb7 Qxf3+ 26. Kxf3 Bb8 27. c4
Rh3+ 28. Kg2 Rc3 29. Rb4 Rc8 30. c5 Nd5 31. Rb7 Rc2 32. a3 Rc4 33. Be3 Ra4 34.
Rfb1 Bc7 35. R1b3 f5 36. Rd3 Rb8 37. Rxb8+ Bxb8 38. Kf1 Nxe3+ 39. fxe3 Kf7 40.
d5 Rc4 41. Rb3 Be5 42. Rb7+ Ke8 43. c6 a5 44. Ra7 Rc5 45. Rd7 Rc3 46. Ke2 Rxa3
47. d6 Rc3 48. Re7+ Kf8 49. Rxe5 Rxc6 50. d7 {Black resigns} 1-0

[Event "Team 45 45 League T43"]
[Site "Internet Chess Club"]
[Date "2009.11.08"]
[Round "2"]
[White "Kravier"]
[Black "Gwyddbwyll"]
[Result "0-1"]
[WhiteElo "1718"]
[BlackElo "1879"]
[Opening "Old Benoni defense"]
[ECO "A43"]
[Time "06:06:42"]
[TimeControl "2700+45"]

1. d4 c5 2. d5 a6 3. e4 e6 4. dxe6 fxe6 5. b3 d5 6. exd5 exd5 7. Bd3 Be7 8. Qh5+
Kf8 9. Bb2 Nc6 10. Nf3 Bf6 11. Ne5 Nxe5 12. Bxe5 Qe7 13. f4 Bg4 14. Qxg4 Bxe5
15. fxe5 Qxe5+ 16. Kd2 Qxa1 17. Qf5+ Qf6 18. Qxd5 Qf4+ 19. Kd1 Qc7 20. Nd2 Nf6
21. Rf1 Rd8 22. Qh5 Qc6 23. g4 Qd5 24. Rf5 Qh1+ 25. Nf1 Rd5 26. Qg5 Qxf1+ 27.
Kd2 Rxf5 28. gxf5 Qf2+ 29. Kc1 Qxh2 30. Qe3 Qh6 31. Qxh6 gxh6 {White resigns}
0-1